 Dungeon Crawl Stone Soup version 0.31-a0-986-g5e6e4ef867 (webtiles) character file.

Game seed: 2547843956873079878

9274 pokeman the Thaumaturge (level 11, -1/61 HPs)
             Began as a Deep Elf Hedge Wizard on Nov 10, 2023.
             Was a Priest of Vehumet.
             Slain by a harpy simulacrum (15 damage)
             ... in an ice cave.
             The game lasted 00:31:01 (12298 turns).

pokeman the Thaumaturge (Deep Elf Hedge Wizard)    Turns: 12298, Time: 00:31:02

Health: -1/61      AC: 14    Str: 17    XL:     11   Next: 20%
Magic:  31/31      EV: 11    Int: 24    God:    Vehumet [***...]
Gold:   444        SH:  0    Dex: 14    Spells: 25/38 levels left

rFire   . . .        J - +6 dagger "Birigorhe" {pain, rN+ Str+4}
rCold   . . .        (no shield)
rNeg    + . .        O - +0 swamp dragon scales
rPois   +            k - +0 helmet
rElec   .            q - +0 cloak
rCorr   .            E - +0 pair of gloves
SInv    .            L - +1 pair of boots
Will    +....        G - amulet of magic regeneration
Stlth   ++++         c - ring of wizardry
HPRegen 0.30/turn    x - +6 ring of strength
MPRegen 0.62/turn

%: wizardry (x1)
@: studying Stealth
A: no striking features
a: Renounce Religion


You were in an ice cave.
You worshipped Vehumet.
Vehumet was most pleased with you.
You visited 2 branches of the dungeon, and saw 12 of its levels.
You also visited: Sewer and Ice Cave.

You collected 640 gold pieces.
You spent 196 gold pieces at shops.

Inventory:

Hand Weapons
 b - a +2 dagger of venom
 p - a +4 quarterstaff of chaos
 J - the +6 dagger "Birigorhe" (weapon) {pain, rN+ Str+4}
   (You bought it in a shop on level 7 of the Dungeon)

   Str+4:     It affects your strength (+4).
   rN+:       It protects you from negative energy.
Missiles
 o - 2 throwing nets
 C - 2 curare-tipped darts
Armour
 k - a +0 helmet (worn)
 q - a +0 cloak (worn)
 w - a +2 robe of willpower
 y - an orb of energy
 E - a +0 pair of gloves (worn)
 L - a +1 pair of boots (worn)
 O - +0 swamp dragon scales (worn)
Jewellery
 c - a ring of wizardry (left hand)
 t - an amulet of faith
 x - a +6 ring of strength (right hand)
 G - an amulet of magic regeneration (around neck)
 M - a ring of ice
Wands
 a - a wand of flame (12)
Scrolls
 e - 9 scrolls of identify {unknown}
 h - 4 scrolls of amnesia {unknown}
 i - a scroll of poison {unknown}
 l - 7 scrolls of teleportation {unknown}
 s - a scroll of noise {unknown}
 u - 2 scrolls of vulnerability {unknown}
 v - a scroll of fog {unknown}
 z - a scroll of torment {unknown}
 A - 2 scrolls of enchant armour {unknown}
 H - a scroll of enchant weapon {unknown}
 I - 2 scrolls of revelation {unknown}
Potions
 d - 2 potions of magic
 f - 2 potions of cancellation {unknown}
 g - 4 potions of heal wounds {unknown}
 j - 7 potions of haste {unknown}
 m - 6 potions of degeneration {unknown}
 n - 3 potions of resistance {unknown}
 r - 2 potions of lignification {unknown}
 B - 2 potions of might {unknown}
 D - 3 potions of mutation {unknown}
 F - 2 potions of brilliance {unknown}
 K - a potion of ambrosia {unknown}
 P - a potion of curing {unknown}
Miscellaneous
 N - a condenser vane


   Skills:
 - Level 4.0 Fighting
 + Level 4.3 Armour
 - Level 3.0 Dodging
 + Level 11.9 Stealth
 * Level 14.3 Spellcasting
 + Level 9.5 Conjurations
 - Level 1.1 Summonings
 + Level 4.5 Necromancy
 - Level 1.1 Translocations
 - Level 1.0 Transmutations
 - Level 1.0 Air Magic
 - Level 1.0 Poison Magic
 - Level 1.1 Evocations


You had 25 spell levels left.
You knew the following spells:

 Your Spells              Type           Power      Damage    Failure   Level
a - Magic Dart            Conj           100%       1d8       1%          1
b - Mephitic Cloud        Conj/Pois/Air  35%        N/A       1%          3
c - Call Imp              Summ           44%        N/A       2%          2
d - Blink                 Tloc           44%        N/A       2%          2
e - Irradiate             Conj/Tmut      21%        3d18      2%          5

Your spell library contained the following spells:

 Spells                   Type           Power      Damage    Failure   Level
 Scorch                   Fire           34%        2d6       1%          2
 Necrotise                Necr           100%       1d9       1%          1
 Cigotuvi's Dreadful Rot  Necr/Pois/Air  54%        N/A       1%          2
 Sublimation of Blood     Necr           39%        N/A       1%          2
 Vampiric Draining        Necr           39%        2d8       1%          3
 Slow                     Hex            68%        N/A       2%          1
 Animate Dead             Necr           39%        N/A       3%          4
 Confusing Touch          Hex            17%        N/A       7%          3
 Sigil of Binding         Hex            17%        N/A       7%          3
 Agony                    Necr           39%        N/A       11%         5
 Petrify                  Tmut/Erth      19%        N/A       19%         4
 Haunt                    Necr/Summ      15%        N/A       99%         7
 Infestation              Necr           19%        N/A       100%        8


Dungeon Overview and Level Annotations

Branches:
Dungeon (11/15)            Temple (1/1) D:6           Sewer (visited)
  IceCv (1/1)
   Lair: D:8-11         Orc: D:9-12

Altars:
Ashenzari
Cheibriados
Dithmenos
Elyvilon
Fedhas
Gozag
Hepliaklqana
Kikubaaqudgha
Makhleb
Nemelex Xobeh
Okawaru
Qazlal
Ru
Sif Muna
Trog
Uskayaw
Vehumet
Wu Jian
Xom
Yredelemnul
Zin
The Shining One

Shops:
D:1 [   D:3 =   D:7 (

Annotations:
D:9 1 runed translucent door, baller8008's ghost, novice HOFi
Abyss:1 Edmund


Message History

You start waiting.
Your magical contamination has completely faded away.
The ice statue gestures at you. The shard of ice hits you!!
Casting: Irradiate (dangerous; 2% risk of failure)
Confirm with . or Enter, or press ? or * to list all spells.
You erupt in a fountain of uncontrolled magic!
The ice statue is blasted with magical radiation!
You destroy the ice statue!
Vehumet accepts your kill.
You are very lightly contaminated with residual magic.
A - 2 scrolls labelled WAKOES BENAT (gained 1)
h - 4 scrolls labelled UPPECA AGGEMIG (gained 1)
Found 19 gold pieces.
There is a fountain of sparkling water here.
Found a crystal plate armour of cold resistance.
Your magical contamination has completely faded away.
You start resting.
HP restored.
You open the door.
There is an open door here.
You open the door.
A harpy simulacrum comes into view.
You open the door.
A harpy simulacrum comes into view.
The harpy simulacrum claws you but does no damage.
The harpy simulacrum barely misses you.
The harpy simulacrum completely misses you.
The harpy simulacrum claws you. The harpy simulacrum freezes you!
The harpy simulacrum closely misses you.
The harpy simulacrum claws you but does no damage.
The harpy simulacrum claws you! The harpy simulacrum freezes you!
The harpy simulacrum claws you but does no damage.
The harpy simulacrum claws you. The harpy simulacrum freezes you!
The harpy simulacrum closely misses you. x2
The harpy simulacrum claws you but does no damage.
The harpy simulacrum claws you!
* * * LOW HITPOINT WARNING * * *
The harpy simulacrum freezes you!
You die...

####### ##.....###
.........# ### #
........#### #Z# .#
........#.⌠# ###@#+#.#+#
........#W$+ #.Z........
........########.8.8.8.8
..........#.............
....⌠.....'.............
..........#.............
........########.8.8.8.8
........#4[+ +........
........#W⌠# #+#+#.#+#


You could see 2 harpy simulacra.

Vanquished Creatures
  2 ice statues (IceCv)
  Maggie (D:10)
  Jeremiah (D:6)
  4 ice devils
  Sigmund (D:2)
  A shadow (D:10)
  A vampire (D:10)
  A wraith (D:11)
  8 yaks
  A steam dragon (D:9)
  2 vampire mosquitoes (D:8)
  2 acid dragons
  Duvessa (D:5)
  2 orc warriors (D:7)
  An ice beast (D:5)
  A sky beast (D:6)
  4 black bears
  4 centaurs
  4 bullfrogs
  6 kobold brigands
  2 scorpions
  16 wights
  Dowan (D:5)
  An elephant simulacrum (IceCv)
  4 killer bees (D:9)
  2 hounds (D:4)
  2 jellies
  7 orc priests
  Crazy Yiuf (D:2)
  A gnoll bouda (D:8)
  9 iguanas
  Ijyb (D:3)
  A sleepcap (D:6)
  14 orc wizards
  A spriggan simulacrum (IceCv)
  11 gnolls
  A naga simulacrum (IceCv)
  10 adders
  A shadow imp (D:7)
  4 white imps
  5 ufetubi
  A worm (D:3)
  2 dart slugs (D:4)
  29 orcs
  9 endoplasms
  6 giant cockroaches
  10 goblins
  8 hobgoblins
  8 jackals
  6 quokkas
  6 ball pythons
  14 bats
  6 frilled lizards
  36 kobolds
  14 rats
298 creatures vanquished.

Vanquished Creatures (collateral kills)
  Grinder (D:6)
  An orc (D:7)
2 creatures vanquished.

Vanquished Creatures (others)
  An orc (D:9)
1 creature vanquished.

Grand Total: 301 creatures vanquished

Notes
Turn   | Place    | Note
-------+----------+-------------------------------------------
     0 | D:1      | pokeman the Deep Elf Hedge Wizard began the quest for the
                  | Orb.
     0 | D:1      | Reached XP level 1. HP: 10/10 MP: 7/7
   398 | D:1      | Reached XP level 2. HP: 16/16 MP: 7/9
   950 | D:1      | Found Unkenoaf's Antique Armour Emporium.
   973 | D:1      | Reached skill level 5 in Spellcasting
  1148 | D:1      | Reached XP level 3. HP: 20/20 MP: 1/11
  1581 | D:2      | Reached skill level 1 in Fighting
  1599 | D:2      | Reached skill level 1 in Armour
  1673 | D:2      | Noticed Sigmund
  1897 | D:1      | Learned a level 3 spell: Mephitic Cloud
  1900 | D:1      | Learned a level 2 spell: Blink
  1903 | D:1      | Learned a level 2 spell: Call Imp
  2150 | D:2      | Killed Sigmund
  2151 | D:2      | Reached skill level 5 in Conjurations
  2151 | D:2      | Reached XP level 4. HP: 16/25 MP: 1/13
  2151 | D:2      | Reached XP level 5. HP: 19/29 MP: 1/14
  2422 | D:2      | Found a faded altar of an unknown god.
  2578 | D:2      | Found a runed translucent door.
  2579 | D:2      | Noticed Crazy Yiuf
  2601 | D:2      | Killed Crazy Yiuf
  2706 | D:3      | Found Zipnorur's Jewellery Shoppe.
  2755 | D:3      | Noticed Ijyb
  2772 | D:3      | Killed Ijyb
  2773 | D:3      | Reached XP level 6. HP: 15/34 MP: 6/16
  3559 | D:4      | Reached skill level 6 in Spellcasting
  4130 | D:4      | Reached skill level 1 in Poison Magic
  4130 | D:4      | Reached skill level 1 in Evocations
  4350 | D:4      | Reached skill level 1 in Air Magic
  4350 | D:4      | Reached XP level 7. HP: 31/38 MP: 9/18
  4711 | D:5      | Entered Level 5 of the Dungeon
  4883 | D:5      | Noticed Duvessa
  5024 | D:5      | Noticed Dowan
  5027 | D:5      | HP: 1/38 [Duvessa/+4 rapier of freezing (1)]
  5035 | D:5      | Killed Duvessa
  5036 | D:5      | Reached skill level 7 in Spellcasting
  5404 | D:5      | Identified the +1 chain mail "Axtik" {Regen+}
  5471 | D:5      | Reached skill level 8 in Spellcasting
  5484 | D:5      | Noticed a yak
  5484 | D:5      | Noticed a yak
  5484 | D:5      | Noticed a yak
  5495 | D:5      | Killed Dowan
  5496 | D:5      | Reached XP level 8. HP: 44/44 MP: 3/22
  5781 | D:5      | Reached skill level 9 in Spellcasting
  6167 | D:5      | Noticed Edmund
  6171 | D:5      | Banished Edmund
  6269 | D:5      | Reached skill level 5 in Stealth
  6269 | D:5      | Reached skill level 10 in Spellcasting
  6539 | D:6      | Noticed Jeremiah
  6579 | D:6      | Killed Jeremiah
  6580 | D:6      | Reached XP level 9. HP: 41/48 MP: 13/25
  6768 | D:6      | Found a glowing drain.
  6774 | Sewer    | Entered a sewer
  7316 | D:6      | Found a large runed translucent door.
  7330 | D:6      | Found a large runed translucent door.
  7369 | D:6      | Noticed Grinder
  7402 | D:6      | Killed Grinder
  7403 | D:6      | Reached skill level 11 in Spellcasting
  7454 | D:6      | Found a staircase to the Ecumenical Temple.
  7493 | Temple   | Entered the Ecumenical Temple
  7503 | Temple   | Became a worshipper of Vehumet
  7946 | D:6      | Learned a level 5 spell: Irradiate
  7994 | D:6      | Found a glowing golden altar of the Shining One.
  7997 | D:6      | Found a snail-covered altar of Cheibriados.
  8126 | D:7      | Reached skill level 1 in Transmutations
  8129 | D:7      | Reached skill level 12 in Spellcasting
  8402 | D:7      | Found a sacrificial altar of Ru.
  8460 | D:7      | Reached * piety under Vehumet
  8460 | D:7      | Offered knowledge of Freeze by Vehumet.
  8471 | D:7      | Reached XP level 10. HP: 19/56 MP: 24/28
  8722 | D:7      | Found Toeth's Antique Weapon Emporium.
  8727 | D:7      | Bought an ichor-stained dagger for 196 gold pieces
  8727 | D:7      | Identified the +6 dagger "Birigorhe" {pain, rN+ Str+4} (You
                  | bought it in a shop on level 7 of the Dungeon)
  8779 | D:7      | Found a shimmering altar of Xom.
  9449 | D:8      | Reached skill level 1 in Necromancy
  9702 | D:8      | Found a blossoming altar of Fedhas.
  9749 | D:8      | Found a basalt altar of Yredelemnul.
  9875 | D:8      | Reached ** piety under Vehumet
  9875 | D:8      | Offered knowledge of Kiss of Death by Vehumet.
  9910 | D:8      | Reached skill level 10 in Stealth
 10256 | D:9      | Reached skill level 13 in Spellcasting
 10262 | D:9      | Found a hide-covered altar of Uskayaw.
 10529 | D:9      | Found a runed translucent door.
 10530 | D:9      | Noticed baller8008's ghost (novice HOFi)
 10874 | D:10     | Entered Level 10 of the Dungeon
 10952 | D:10     | Found a white marble altar of Elyvilon.
 11170 | D:10     | Offered knowledge of Scorch by Vehumet.
 11288 | D:10     | Noticed Maggie
 11294 | D:10     | Killed Maggie
 11605 | D:11     | Found a frozen archway.
 11612 | D:11     | Reached skill level 14 in Spellcasting
 11612 | D:11     | Reached XP level 11. HP: 40/61 MP: 24/31
 11734 | IceCv    | Entered an ice cave
 11750 | IceCv    | Reached *** piety under Vehumet
 12298 | IceCv    | Slain by a harpy simulacrum

Illustrated notes

Levels and vault maps discovered:
D:1:      amcnicky_arrival_underground_garden, layout_basic, serial_shops, shop,
          serial_bayou_lagoon_a, minmay_pentomino_s4
D:2:      layout_rooms, hellmonk_ecumenical_altar_arch_garden,
          uniq_crazy_yiuf_cottage, uniq_sigmund
D:3:      layout_rooms, serial_shops, shop, uniq_ijyb
D:4:      minmay_razor_zed, layout_loops_ring, chequers_serial_rivers_room_a
D:5:      layout_basic, uniq_edmund, uniq_duvessa
D:6:      layout_rooms, jmf_multi_god_temple2, temple_pool_b,
          gup_sewer_entry_spiral, moated_statue, uniq_grinder, uniq_jeremiah
D:7:      layout_layer_cave, nicolae_ru_awakened_eye,
          mainiacjoe_overflow_catwalk, serial_shops,
          nicolae_shop_real_fake_doors, lightli_orcish_oven
D:8:      layout_rooms, mainiacjoe_overflow_boulevard, fedhas_ov_isle_minmay
D:9:      layout_long_grid, nicolae_uskayaw_murder_on_the_dancefloor,
          gammafunk_ghost_grave
D:10:     layout_long_grid, kennysheep_little_box, uniq_maggie
D:11:     layout_rooms, lair_entry_dummy, serial_demonic, serial_demonic_g,
          serial_demonic_d, serial_demonic_g, serial_demonic_a,
          portal_ice_cave_demonic_guard, grunt_ministairs_12, uniq_gastronok,
          uniq_snorg
Temple:   nicolae_temple_great_sept
IceCv:    ice_cave_tombish

Skill      XL: |  1  2  3  4  5  6  7  8  9 10 |
---------------+-------------------------------+-----
Spellcasting   | 5 6 8 10 12 14 | 14.3
Fighting       | 1 2 3 4 |  4.0
Armour         | 1 3 4 |  4.3
Conjurations   | 5 6 7 8 9 |  9.5
Stealth        | 3 6 9 11 | 11.9
Dodging        | 3 |  3.0
Poison Magic   | 1 |  1.0
Evocations     | 1 |  1.1
Air Magic      | 1 |  1.0
Transmutations | 1 |  1.0
Necromancy     | 4 |  4.5
Summonings     | |  1.1
Translocations | |  1.1

Action                     |  1- 3 |  4- 6 |  7- 9 | 10-12 || total
---------------------------+-------+-------+-------+-------++-------
  Melee: Dagger            |    70 |     5 |   118 |    84 ||   277
         Quarterstaff      |       |    23 |    74 |       ||    97
         Punch             |       |       |     3 |     1 ||     4
   Cast: Magic Dart        |   105 |    86 |   143 |    72 ||   406
         Mephitic Cloud    |     4 |     8 |    42 |    15 ||    69
         Call Imp          |     2 |     3 |     7 |     4 ||    16
         Blink             |       |       |     2 |       ||     2
         Irradiate         |       |       |     5 |    37 ||    42
  Evoke: Wand              |       |       |     7 |     3 ||    10
   Stab: Confused          |     1 |     5 |    13 |     9 ||    28
         Sleeping          |       |     1 |     7 |     1 ||     9
 Armour: Robe              |    54 |    18 |   124 |    70 ||   266
         Swamp dragon scal |       |       |       |    37 ||    37
  Dodge: Dodged            |    46 |    21 |   123 |    95 ||   285

Table legend: (Time is in decaauts)
 A = Elapsed time spent in this place.
 B = Non-inter-level travel time spent in this place.
 C = Inter-level travel time spent in this place.
 D = Time resting spent in this place.
 E = Time spent auto-exploring this place.
 F = Levels seen in this place.
 G = Mean time per level.
                   A        B        C        D        E       F      G
               +--------+--------+--------+--------+--------+-----+--------+
         Total |  12401 |  12179 |    222 |   1001 |   8887 |  14 |  885.8 |
       Dungeon |  11369 |  11156 |    213 |    819 |   8366 |  11 | 1033.5 |
        Temple |     20 |     11 |      9 |      0 |      0 |   1 |   20.0 |
         Sewer |    448 |    448 |      0 |      0 |    302 |   1 |  448.0 |
      Ice Cave |    563 |    563 |      0 |    182 |    219 |   1 |  563.0 |
               +--------+--------+--------+--------+--------+-----+--------+

Top non-repeatable levels by time:
     D:5: 1856 daAuts
     D:1: 1803 daAuts
     D:7: 1465 daAuts
     D:4: 1438 daAuts
     D:6: 1086 daAuts
     D:2: 917 daAuts
     D:9: 734 daAuts
    D:10: 705 daAuts
     D:8: 633 daAuts
     D:3: 573 daAuts
   IceCv: 563 daAuts
   Sewer: 448 daAuts
    D:11: 153 daAuts
  Temple: 20 daAuts
